Map: Dusk Towers

Players

Guru - Winner!

  • Race: Zerg Zerg
  • League: Master

Miszu

  • Race: Terran Terran
  • League: Master

VOD

Have the link to the VOD?

Description

Time

  • Played on: Feb. 6, 2016, 6:04 p.m.
  • Length: 20:58
Show
View Real Time Build Order
Export as new Build Order

Guru Zerg - Winner!

Build Orders: Hatch First, Muta Ling Bane 

Get SALT Encoding   

  12  0:01  Drone  
  13  0:12  Overlord  
  13  0:17  Drone  
  14  0:31  Drone x2  
  17  0:35  Drone  
  17  0:54  Hatchery  
  17  0:55  Drone  
  17  1:09  Spawning Pool  
  16  1:12  Extractor  
  16  1:14  Drone  
  16  1:18  Drone  
  17  1:22  Drone  
  18  1:29  Drone  
  19  1:40  Overlord  
  19  1:56  Queen  
  19  1:57  Zergling x2  
  22  2:06  Queen  
  22  2:08  Drone x2  
  26  2:12  Metabolic Boost  
  26  2:15  Drone  
  27  2:30  Hatchery  
  27  2:32  Drone  
  27  2:36  Drone  
  27  2:37  Drone  
  29  2:44  Overlord  
  29  2:48  Drone x2  
  31  2:57  Queen  
  33  3:01  Queen  
  33  3:03  Zergling x2  
  36  3:06  Drone  
  36  3:11  Drone x3  
  40  3:18  Drone  
  40  3:22  Drone x2  
  40  3:23  Drone x2  
  44  3:27  Overlord  
  44  3:41  Queen  
  44  3:43  Overlord  
  44  3:45  Zergling x8  
  50  3:53  Drone x2  
  52  3:56  Overlord, Extractor  
  51  4:05  Drone x2  
  51  4:07  Lair  
  51  4:08  Drone x2  
  51  4:09  Drone  
  54  4:13  Drone x3  
  54  4:14  Drone x2  
  59  4:20  Drone  
  59  4:21  Extractor  
  59  4:23  Drone  
  59  4:25  Zergling x6  
  59  4:28  Drone  
  59  4:30  Drone  
  64  4:32  Overlord  
  64  4:39  Drone x4  
  64  4:44  Overlord  
  68  4:46  Zergling x2  
  68  4:48  Drone x2  
  68  4:49  Drone  
  68  4:50  Drone  
  68  4:52  Zergling x2  
  74  4:54  Zergling x2  
  74  4:55  Zergling x4  
  76  5:01  Zergling x2  
  76  5:03  Zergling x2  
  75  5:09  Zergling x4  
  75  5:10  Extractor, Spore Crawler  
  75  5:11  Spire  
  75  5:12  Extractor x2  
  75  5:13  Zergling x8  
  74  5:16  Zergling x2  
  74  5:18  Zergling x6  
  74  5:20  Zergling x2  
  79  5:22  Drone x2  
  79  5:23  Drone  
  79  5:25  Drone  
  83  5:29  Drone  
  83  5:33  Overlord  
  83  5:34  Evolution Chamber, Hatchery  
  81  5:48  Drone  
  81  5:49  Drone x2  
  85  5:50  Drone x3  
  85  5:52  Drone x3  
  85  5:53  Drone x3  
  85  5:54  Overlord  
  85  5:56  Drone  
  80  6:13  Hatchery  
  80  6:17  Zerg Ground Armor Level 1  
  78  6:24  Mutalisk  
  78  6:25  Mutalisk x6  
  84  6:26  Zerg Flyer Weapons Level 1  
  92  6:33  Drone  
  92  6:35  Drone  
  94  6:43  Mutalisk x3  
  100  6:51  Zergling x2  
  100  6:52  Zergling x18  
  110  6:56  Overlord  
  110  6:57  Zergling x4  
  110  6:59  Overlord  
  112  7:02  Overlord  
  112  7:15  Overlord  
  112  7:16  Mutalisk x2  
  112  7:17  Mutalisk x3  
  112  7:21  Drone x5  
  112  7:22  Drone x3  
  130  7:24  Drone  
  130  7:26  Baneling Nest  
  130  7:27  Drone  
  130  7:28  Drone x4  
  130  7:29  Overlord  
  135  7:37  Overlord  
  131  7:50  Mutalisk x5  
  141  7:57  Extractor  
  141  7:58  Extractor  
  139  7:59  Drone x3  
  139  8:00  Drone x3  
  139  8:02  Zergling x12  
  139  8:03  Zergling x8  
  139  8:04  Zergling x6  
  158  8:07  Zergling x2  
  158  8:09  Hatchery  
  158  8:11  Zerg Melee Weapons Level 1, Overseer  
  158  8:19  Zergling x4  
  160  8:20  Zergling x10  
  160  8:22  Overlord, Zerg Flyer Weapons Level 2  
  165  8:27  Zergling x2  
  165  8:31  Overlord x2  
  165  8:33  Overlord  
  166  8:34  Centrifical Hooks  
  166  8:37  Overlord  
  166  8:41  Overlord  
  166  8:44  Overlord  
  166  8:47  Drone x3  
  166  8:48  Drone  
  170  8:49  Infestation Pit  
  170  8:52  Baneling x8  
  170  8:53  Baneling x3, Mutalisk x2  
  170  8:54  Mutalisk  
  175  8:56  Mutalisk  
  177  9:04  Zergling x26  
  177  9:05  Zergling x6  
  193  9:19  Baneling  
  193  9:20  Zergling x14  
  200  9:27  Hive, Pneumatized Carapace  
  200  9:31  Baneling x9  
  200  9:32  Baneling x2  
  171  9:54  Zergling x2  
  171  9:55  Zergling x42  
  171  9:56  Zergling x6  
  188  10:01  Baneling x7  
  188  10:02  Baneling x2  
  188  10:05  Mutalisk x5  
  198  10:13  Overseer  
  198  10:18  Zergling x2  
  157  10:35  Zergling x2  
  144  10:36  Zergling x20  
  144  10:41  Baneling x8  
  154  10:44  Drone x3  
  154  10:45  Ultralisk Cavern, Evolution Chamber  
  154  10:47  Corruptor, Zergling x2  
  154  10:49  Zerg Flyer Armor Level 1  
  158  10:54  Zergling x24  
  158  10:55  Zergling x12  
  158  10:56  Baneling  
  176  10:57  Baneling x9  
  176  10:59  Overseer  
  176  11:00  Drone x3  
  176  11:04  Zerg Melee Weapons Level 2  
  179  11:14  Zergling x12  
  179  11:15  Zergling x12  
  179  11:26  Mutalisk x4  
  187  11:33  Zerg Ground Armor Level 2, Chitinous Plating  
  186  11:43  Ultralisk x2  
  186  11:45  Zergling x4  
  196  12:16  Zergling x2  
  196  12:17  Zergling x4  
  192  12:26  Ultralisk  
  187  12:39  Ultralisk x2  
  195  12:52  Zergling x6  
  178  12:59  Mutalisk x5  
  178  13:00  Mutalisk  
  178  13:02  Greater Spire  
  178  13:03  Zergling x18  
  178  13:04  Overlord  
  178  13:05  Overseer x2  
  195  13:15  Adrenal Glands  
  195  13:19  Extractor, Hatchery  
  193  13:20  Extractor  
  193  13:26  Drone x3  
  195  13:27  Drone x3  
  195  13:28  Spore Crawler  
  195  13:30  Spore Crawler  
  195  13:32  Spore Crawler  
  195  13:40  Corruptor x5  
  195  13:41  Corruptor  
  199  13:50  Spore Crawler  
  199  13:51  Spore Crawler x2  
  199  13:52  Drone  
  199  13:53  Drone x2  
  199  14:01  Zerg Ground Armor Level 3  
  199  14:02  Spine Crawler  
  199  14:05  Spine Crawler  
  182  14:46  Brood Lord  
  182  14:47  Brood Lord x6  
  182  14:50  Zergling x2  
  182  14:51  Zergling x2  
  190  15:03  Zerg Flyer Weapons Level 3  
  190  15:06  Spine Crawler  
  185  15:07  Spine Crawler  
  185  15:09  Infestor  
  185  15:10  Infestor x2  
  185  15:12  Corruptor x4  
  198  15:17  Overseer x4  
  198  15:22  Spine Crawler  
  198  15:24  Spine Crawler  
  198  15:27  Drone x2, Hatchery  
  181  16:02  Corruptor  
  181  16:03  Corruptor x11  
  198  16:33  Zerg Melee Weapons Level 3  
  198  16:38  Zerg Missile Weapons Level 1  
  200  16:40  Brood Lord  
  165  17:57  Overlord x2  
  165  17:58  Overlord  
  165  18:06  Brood Lord x2  
  165  18:07  Brood Lord x4  
  177  18:12  Overlord  
  177  18:13  Overlord  
  177  18:18  Extractor  
  177  18:19  Extractor  
  175  18:20  Spine Crawler  
  175  18:22  Spine Crawler x3  
  175  18:23  Spine Crawler  
  175  18:24  Drone, Spine Crawler  
  175  18:25  Drone x5  
  175  18:26  Spine Crawler x2  
  173  18:27  Spine Crawler x2  
  173  18:30  Corruptor x9  
  189  18:55  Corruptor x3  
  193  19:12  Overlord  
  193  19:16  Hatchery  
  192  19:30  Corruptor x4  
  200  19:32  Overlord  
  200  19:33  Overseer x2  
  200  19:34  Overseer x2  
  188  19:53  Corruptor x2  
  188  19:54  Zergling x2  
  188  19:55  Zergling x14  
  200  20:14  Hatchery  
Show
View Real Time Build Order
Export as new Build Order

Miszu Terran 

Build Orders: Bio Mine 

Get SALT Encoding   

  12  0:00  SCV  
  13  0:12  SCV  
  14  0:17  Supply Depot  
  14  0:26  SCV  
  15  0:39  SCV  
  15  0:41  Barracks  
  16  0:45  Refinery  
  16  0:51  SCV  
  17  1:03  SCV  
  18  1:15  SCV  
  19  1:28  Orbital Command  
  19  1:30  Barracks Reactor  
  19  1:39  Command Center  
  19  1:47  Supply Depot  
  19  1:54  SCV  
  20  2:06  SCV  
  20  2:07  Reaper x2  
  23  2:18  SCV  
  24  2:25  Command Center  
  24  2:30  SCV  
  25  2:41  Reaper x2  
  25  2:42  SCV  
  28  2:51  Orbital Command  
  28  2:54  SCV  
  29  3:06  Barracks x2, SCV  
  30  3:13  Reaper  
  30  3:15  Refinery  
  30  3:18  SCV  
  32  3:24  Reaper  
  32  3:25  SCV  
  34  3:30  SCV  
  35  3:37  SCV  
  35  3:38  Orbital Command  
  36  3:43  SCV  
  36  3:45  Marine  
  38  3:49  SCV  
  38  3:54  Barracks Tech Lab  
  38  3:55  Barracks Tech Lab, SCV  
  40  3:56  Marine  
  40  4:01  SCV  
  40  4:02  Factory  
  42  4:04  Refinery x2  
  42  4:07  SCV  
  43  4:13  SCV  
  43  4:14  Marine, SCV  
  43  4:15  Marine x2  
  48  4:17  Stimpack  
  48  4:19  Marine, SCV  
  50  4:25  SCV  
  50  4:26  SCV  
  53  4:31  SCV  
  53  4:32  Marine  
  53  4:36  Engineering Bay  
  53  4:37  Engineering Bay, SCV  
  53  4:38  SCV  
  56  4:40  Marine  
  56  4:43  SCV  
  60  4:48  Supply Depot x2  
  60  4:50  SCV  
  59  4:54  Starport, Factory Reactor  
  59  4:55  SCV, Combat Shields, Orbital Command  
  59  4:56  Marine  
  61  5:06  SCV  
  61  5:07  SCV  
  61  5:09  Marine x3  
  64  5:14  Marine  
  64  5:18  SCV  
  64  5:19  Terran Infantry Armor Level 1  
  64  5:20  Terran Infantry Weapons Level 1, SCV  
  67  5:25  SCV  
  67  5:27  Marine  
  71  5:30  SCV  
  71  5:31  Barracks  
  71  5:32  SCV  
  71  5:33  Barracks  
  71  5:37  SCV, Factory Tech Lab  
  71  5:42  SCV  
  72  5:44  Marine x3, SCV  
  72  5:49  SCV  
  77  5:57  Supply Depot  
  77  6:00  Supply Depot  
  77  6:01  Supply Depot x2  
  77  6:05  Factory Reactor  
  77  6:06  SCV x2  
  77  6:07  Medivac, SCV  
  77  6:08  Medivac  
  77  6:11  Marine  
  70  6:14  Marine  
  70  6:15  Marine  
  70  6:18  Marine, SCV x2  
  75  6:19  Barracks Reactor, SCV  
  75  6:21  Barracks Tech Lab  
  77  6:26  Supply Depot x2  
  77  6:29  Marine, Refinery  
  77  6:30  Refinery, SCV x2  
  77  6:31  SCV, Armory  
  77  6:32  Marine, Missile Turret  
  81  6:35  Missile Turret  
  81  6:36  Missile Turret  
  81  6:38  Marine x2  
  84  6:42  SCV  
  84  6:43  Marine, SCV x2  
  84  6:44  Widow Mine  
  84  6:45  Widow Mine  
  84  6:46  Marine  
  92  6:51  Marine  
  94  6:54  SCV  
  94  6:55  SCV  
  94  6:56  Marine x2, SCV  
  94  6:57  Supply Depot  
  99  7:05  Marine x2, Marauder  
  99  7:06  Supply Depot, Marine, Medivac x2, SCV  
  106  7:10  Concussive Shells  
  106  7:15  Widow Mine x2  
  106  7:21  Marine  
  106  7:22  Marauder x2  
  115  7:23  Marine  
  115  7:25  Terran Infantry Armor Level 2, Terran Infantry Weapons Level 2  
  115  7:28  Terran Vehicle Weapons Level 1  
  116  7:30  Factory  
  118  7:37  Marauder  
  118  7:41  Marine  
  118  7:42  Marine x3, Medivac  
  118  7:43  Medivac, Marauder x2  
  129  7:45  Supply Depot  
  129  7:49  Supply Depot  
  129  7:58  Marine  
  130  7:59  Marine, Widow Mine x2  
  130  8:04  Barracks  
  130  8:05  Barracks, Marauder  
  137  8:07  Barracks  
  137  8:23  Thor  
  137  8:24  Medivac  
  137  8:25  Marine, Medivac  
  137  8:26  Marauder  
  150  8:31  Supply Depot  
  150  8:32  Supply Depot x2  
  150  8:34  Supply Depot  
  150  8:43  Marine x4, Widow Mine  
  156  8:52  Widow Mine  
  158  8:56  Barracks Tech Lab  
  158  8:57  Barracks Tech Lab x2  
  158  8:59  Drilling Claws  
  158  9:00  Medivac x2, Command Center  
  162  9:06  Marauder x2, Thor  
  172  9:11  Missile Turret  
  172  9:12  Widow Mine, Missile Turret  
  174  9:21  Marauder x3  
  174  9:22  Widow Mine  
  182  9:30  Medivac  
  184  9:34  Terran Vehicle Weapons Level 2  
  184  9:43  Missile Turret x2  
  184  9:44  Terran Infantry Weapons Level 3, Missile Turret  
  184  9:45  Missile Turret  
  166  9:55  Marine  
  166  9:56  Marine x7, Marauder  
  169  10:01  Thor  
  174  10:10  Marauder  
  174  10:13  Marine  
  174  10:14  Marine x4  
  177  10:15  Marauder  
  160  10:33  Marine x5, Marauder  
  160  10:35  Marauder, Widow Mine x2  
  153  10:37  Marine  
  153  10:40  Planetary Fortress  
  154  10:44  Thor  
  160  10:52  Marine, Marauder  
  160  10:53  Marine x3, Marauder  
  168  10:57  Marauder  
  168  10:58  Marauder x3  
  168  11:02  Terran Infantry Armor Level 3  
  168  11:03  Widow Mine x2  
  180  11:08  Medivac x2  
  180  11:10  Marine x2  
  186  11:14  Marauder  
  188  11:23  SCV  
  188  11:24  SCV x3  
  192  11:27  Widow Mine  
  192  11:29  Marauder  
  192  11:30  Marauder x2  
  200  11:33  Missile Turret  
  200  11:35  Missile Turret  
  200  11:36  Missile Turret  
  193  11:40  Marine, Marauder  
  193  11:41  Marine x5, Widow Mine  
  200  12:00  Command Center  
  186  12:24  Marine x9, Marauder  
  184  12:41  Medivac x2, Thor  
  184  12:42  Marine, Widow Mine, Missile Turret x3  
  184  12:43  Marauder, Missile Turret  
  187  13:03  Marauder  
  189  13:07  Refinery  
  189  13:08  Starport, Refinery, Ghost Academy  
  189  13:10  Starport  
  189  13:11  Medivac x2  
  193  13:22  Widow Mine  
  193  13:23  Widow Mine  
  193  13:24  Sensor Tower  
  197  13:41  Ghost  
  197  13:45  Liberator  
  197  13:46  Liberator  
  199  13:50  Starport Tech Lab x2  
  189  14:09  Raven x2  
  199  14:16  Fusion Core  
  199  14:22  Command Center, Missile Turret x2  
  199  14:25  Terran Vehicle Weapons Level 3  
  199  14:28  Liberator  
  198  14:37  Ghost x3  
  125  14:45  Liberator  
  185  14:49  Planetary Fortress  
  188  14:54  Refinery x2  
  188  14:57  Liberator  
  187  15:14  Liberator  
  190  15:25  Command Center, Liberator  
  180  15:32  Marine x6  
  180  15:33  Planetary Fortress  
  192  15:46  Liberator, Ghost  
  192  15:47  Liberator  
  194  16:01  Missile Turret  
  194  16:03  Missile Turret  
  197  16:05  Liberator  
  200  16:25  Marine, Ghost  
  196  16:26  Ghost  
  199  17:08  Ghost  
  199  17:14  Terran Ship Weapons Level 1  
  195  17:15  Ghost  
  195  17:16  Ghost  
  199  17:34  Factory Tech Lab  
  153  17:54  Raven, Ghost x3  
  153  17:55  Ghost  
  153  17:56  Marine x4  
  165  18:08  Thor  
  171  18:15  Refinery  
  171  18:17  Command Center  
  171  18:19  Refinery  
  171  18:21  Command Center  
  171  18:28  Ghost x2  
  171  18:31  Marine  
  174  18:45  Ghost  
  174  18:47  Hellbat  
  167  19:21  Liberator x3  
  167  19:22  Liberator  
  158  19:34  Marine  
  161  20:10  Ghost  
  161  20:11  Ghost  
  169  20:37  Sensor Tower  
Tags
 
Add a new tag
Caveats
  • Supply blocks, unpowered buildings, or Contaminate may cause inaccurate times.
  • Supply counts are checked every 10 seconds.